Map: Orbital Shipyard

Players

ColdButKind

  • Race: Terran Terran
  • League: Diamond

LilDicky - Winner!

  • Race: Terran Terran
  • League: Diamond

VOD

http://www.twitch.tv/tumescentpie

Description

Time

  • Played on: Dec. 8, 2015, 5:55 a.m.
  • Length: 6:47
Show
View Real Time Build Order
Export as new Build Order

ColdButKind Terran 

Build Orders: Reaper Expand 

Get SALT Encoding   

  12  0:00  SCV  
  13  0:12  SCV  
  14  0:20  Supply Depot  
  14  0:25  SCV  
  15  0:42  SCV  
  16  0:43  Barracks  
  16  0:54  SCV, Refinery  
  17  1:06  SCV  
  18  1:19  SCV  
  19  1:34  Orbital Command  
  19  1:38  Command Center  
  19  1:41  Reaper  
  20  1:56  Barracks  
  20  2:00  SCV  
  21  2:07  Supply Depot  
  21  2:12  SCV  
  21  2:13  Marine  
  23  2:29  SCV  
  24  2:34  Refinery  
  24  2:36  Factory, Marine  
  25  2:41  SCV  
  26  2:52  Marine  
  26  2:56  Marine  
  26  2:57  SCV  
  29  3:01  Orbital Command  
  29  3:05  Engineering Bay  
  29  3:09  SCV  
  29  3:10  Marine  
  31  3:14  Barracks Tech Lab  
  31  3:22  SCV  
  32  3:29  Factory Reactor  
  32  3:30  SCV  
  32  3:33  Missile Turret  
  32  3:34  SCV  
  34  3:36  Missile Turret  
  34  3:42  SCV  
  34  3:43  Missile Turret, Marine x2  
  34  3:47  SCV  
  38  3:52  Supply Depot  
  38  3:54  SCV  
  39  3:57  Stimpack  
  39  4:01  Barracks Reactor, Marine  
  40  4:03  SCV  
  40  4:06  SCV  
  42  4:11  Starport  
  42  4:15  SCV  
  43  4:18  SCV  
  43  4:19  Terran Infantry Weapons Level 1  
  43  4:20  Marine  
  45  4:27  SCV  
  45  4:30  SCV  
  47  4:36  Barracks  
  47  4:39  SCV  
  47  4:42  SCV  
  47  4:45  Factory Tech Lab  
  47  4:51  Marine x3  
  47  4:56  SCV  
  47  4:57  SCV  
  49  5:09  Marine  
  49  5:11  Marine x2  
  50  5:26  Marine, Starport Reactor  
  50  5:27  Viking  
  50  5:29  Marine x2  
  51  5:44  Marine  
  51  5:46  Marine  
  51  5:47  Marine  
  51  5:48  SCV  
  54  6:00  SCV  
  54  6:11  Barracks  
  54  6:12  Marine  
  54  6:18  Marine  
  54  6:22  Marine  
  51  6:31  SCV x2  
  53  6:45  Missile Turret  
Show
View Real Time Build Order
Export as new Build Order

LilDicky Terran - Winner!

Build Orders: Banshee Rush 

Get SALT Encoding   

  12  0:01  SCV  
  13  0:13  SCV  
  14  0:18  Supply Depot  
  14  0:29  SCV  
  14  0:33  Refinery  
  15  0:41  SCV  
  16  0:45  Barracks  
  16  0:53  SCV  
  17  1:06  SCV  
  18  1:13  Refinery  
  18  1:18  SCV  
  19  1:32  Marine  
  21  1:34  Orbital Command  
  21  1:35  Supply Depot  
  20  1:43  Factory  
  20  1:50  Marine  
  21  2:08  Marine  
  22  2:10  Supply Depot  
  21  2:25  Marine  
  21  2:27  Hellion  
  24  2:33  Starport  
  24  2:43  Marine  
  25  2:50  Factory Tech Lab  
  25  3:01  Marine  
  26  3:13  SCV  
  26  3:16  Banshee  
  26  3:17  Cloaking Field  
  30  3:20  Marine  
  30  3:25  SCV  
  30  3:26  Factory Tech Lab  
  32  3:37  SCV  
  32  3:38  Marine  
  34  3:47  Command Center  
  34  3:49  SCV  
  35  3:57  Supply Depot  
  35  4:03  Banshee  
  38  4:15  SCV  
  39  4:19  Siege Tank  
  39  4:22  Supply Depot  
  42  4:26  Marine  
  43  4:35  SCV  
  44  4:57  Siege Tank  
  47  5:15  SCV  
  47  5:16  Orbital Command  
  47  5:17  Banshee  
  51  5:29  Siege Tank  
  54  5:49  SCV x2  
  56  5:52  Marine  
  57  6:00  Banshee  
  57  6:01  SCV, Siege Tank  
  61  6:09  Marine  
Tags
 
Add a new tag
Caveats
  • Supply blocks, unpowered buildings, or Contaminate may cause inaccurate times.
  • Supply counts are checked every 10 seconds.